 Dungeon Crawl Stone Soup version 0.25-a0-458-g6fc7858b95 (webtiles) character file.

Game seed: 4194976337181888127, levelgen mode: deterministic

444 Morrissey the Sneak (level 7, -3/46 HPs)
             Began as a Halfling Assassin on Feb 1, 2020.
             Slain by an orc wizard
             ... wielding a +0 falchion
              (8 damage)
             ... on level 4 of the Dungeon.
             The game lasted 00:09:45 (3932 turns).

Morrissey the Sneak (Halfling Assassin)             Turns: 3932, Time: 00:09:46

Health: -3/46      AC:  3    Str: 14    XL:     7   Next: 23%
Magic:  7/7        EV: 17    Int:  9    God:
Gold:   330        SH:  0    Dex: 16    Spells: 6/6 levels left

rFire    . . .     SeeInvis .   a - +2 dagger
rCold    . . .     Gourm    .   (shield restricted)
rNeg     . . .     Faith    .   b - +0 robe
rPois    .         Spirit   .   (no helmet)
rElec    .         Reflect  .   c - +0 cloak
rCorr    .         Harm     .   (no gloves)
MR       .....                  (no boots)
Stlth    ++++......             (no amulet)
HPRegen  0.15/turn              g - ring of flight
MPRegen  0.10/turn              k - ring of stealth

@: slowed, very slow
A: small, mutation resistance 1
a: Evoke Flight


You were on level 4 of the Dungeon.
You were not hungry.

You visited 1 branch of the dungeon, and saw 4 of its levels.

You collected 330 gold pieces.

Inventory:

Hand Weapons
 a - a +2 dagger (weapon)
Missiles
 e - 6 curare-tipped darts (quivered)
Armour
 b - a +0 robe (worn)
 c - a +0 cloak (worn)
Jewellery
 g - a ring of flight (left hand)
 k - a ring of stealth (right hand)
Wands
 r - a wand of polymorph (7)
Scrolls
 i - 3 scrolls of noise {unknown}
 j - 4 scrolls of identify {unknown}
 l - 4 scrolls of teleportation {unknown}
 p - a scroll of immolation {unknown}
 q - 3 scrolls of fog {unknown}
 s - a scroll of enchant weapon {unknown}
 u - a scroll of enchant armour {unknown}
 v - a scroll of amnesia {unknown}
 w - a scroll of random uselessness {unknown}
Potions
 h - a potion of invisibility {unknown}
Comestibles
 f - 6 rations
 m - 4 chunks of flesh


   Skills:
 * Level 3.5 Fighting
 + Level 3.6 Short Blades
 + Level 3.0 Throwing
 * Level 4.0 Dodging
 * Level 6.2 Stealth


You had 6 spell levels left.
You didn't know any spells.
Your spell library contained the following spells:

 Spells                   Type           Power        Failure   Level  Hunger
 Sandblast                Erth           #.....       38%         1    ##.....
 Passwall                 Tmut/Erth      #.......     52%         2    ###....
 Stone Arrow              Conj/Erth      #.....       77%         3    ####...
 Petrify                  Tmut/Erth      #.......     99%         4    #####..
 Lee's Rapid Deconstruct  Erth           #.........   100%        5    ######.


Dungeon Overview and Level Annotations

Branches:
Dungeon (4/15)
 Temple: D:4-7

Altars:
Fedhas
Nemelex Xobeh
Trog


Innate Abilities, Weirdness & Mutations

You are small and have problems with some larger weapons.
You are somewhat resistant to further mutation.


Message History

You throw a curare-tipped dart.
The curare-tipped dart barely misses the orc.
You kill the orc!
The orc wizard gestures at you while chanting.
The magic dart hits you.
* * * LOW HITPOINT WARNING * * *
Throwing (i - inventory)
e - 7 curare-tipped darts (quivered)
Press: ? - help, Shift-Dir - straight line, f - orc wizard
Aim: an orc wizard, wielding a +0 falchion and wearing a +0 robe (moderately wounded)
You throw a curare-tipped dart.
The curare-tipped dart closely misses the orc wizard.
You hit the orc wizard.
The orc wizard is heavily wounded.
The orc wizard points at you and mumbles some strange words.
The magic dart hits you.
* * * LOW HITPOINT WARNING * * *
You hit the orc wizard.
The orc wizard is severely wounded.
The orc wizard hits you with a +0 falchion!
You die...

###.........###.###..
#######........####.......
##.#..#>#.....#.# ##.#...##
#..........#.######..#.#.##
#........................#.
##....#......(....##.#......
#.....#..#..........##......
##....#..##.....##..###.....
###....###@.)((###..#..#...
##...###o....###.....#...
##...##..(....#.#...#.....
#.......##.....(...###....
###.........()###..# #....
#.##.......## #.........
##......##..# .o...#...
#.#.......(.......# .
###..........#.....(


You could see an orc wizard.

Vanquished Creatures
  Sigmund (D:3)
  2 orc wizards
  2 worker ants (D:4)
  A gnoll (D:1)
  5 adders
  3 oozes
  An adder skeleton (D:4)
  4 worms (D:2)
  4 dart slugs
  3 leopard geckos
  12 orcs
  4 hobgoblins
  5 kobolds
  4 quokkas
  3 ball pythons
  4 bats
  12 frilled lizards
  10 goblins
  4 rats
84 creatures vanquished.

Vanquished Creatures (others)
  3 toadstools (D:1)
3 creatures vanquished.

Grand Total: 87 creatures vanquished

Notes
Turn   | Place    | Note
-------+----------+-------------------------------------------
     0 | D:1      | Morrissey the Halfling Assassin began the quest for the
                  | Orb.
     0 | D:1      | Reached XP level 1. HP: 14/14 MP: 1/1
    57 | D:1      | Reached XP level 2. HP: 15/19 MP: 2/2
   230 | D:1      | Reached XP level 3. HP: 24/24 MP: 3/3
   837 | D:2      | Reached XP level 4. HP: 22/30 MP: 4/4
   925 | D:2      | Reached skill level 5 in Stealth
  1762 | D:3      | Reached XP level 5. HP: 35/35 MP: 5/5
  2671 | D:3      | Noticed Sigmund
  2684 | D:3      | Found a bloodstained altar of Trog.
  2759 | D:3      | Killed Sigmund
  2759 | D:3      | Reached XP level 6. HP: 18/42 MP: 6/6
  3014 | D:3      | Reached skill level 6 in Stealth
  3208 | D:4      | Found a blossoming altar of Fedhas.
  3273 | D:3      | HP: 1/42 [leopard gecko (4)]
  3286 | D:3      | HP: 2/42 [something (5)]
  3295 | D:3      | Reached XP level 7. HP: 2/46 MP: 7/7
  3810 | D:4      | Found a sparkling altar of Nemelex Xobeh.
  3932 | D:4      | Slain by an orc wizard

Levels and vault maps discovered:
D:1:      scummos_arrival_checkerplants, layout_basic, minmay_gold_behind_fungi
D:2:      layout_loops_ring
D:3:      layout_loops_ring, old_standard_altar, first_ration,
          saegor_snake_ambush, uniq_sigmund
D:4:      layout_cave_pools, okawaru_ov_weapons_minmay,
          lemuel_coloured_pillars_altar, nemelex_xobeh_ov_fountains_minmay,
          lemuel_crystal_altar, nicolae_ashenzari_panopticon

Skill      XL: |  1  2  3  4  5  6  7 |
---------------+----------------------+-----
Fighting       | 2 3 |  3.5
Dodging        | 2 3 4 |  4.0
Stealth        | 5 6 |  6.2
Short Blades   | 3 |  3.6
Throwing       | 3 |  3.0

Action                   |  1- 3 |  4- 6 |  7- 9 || total
-------------------------+-------+-------+-------++-------
Melee: Dagger            |    61 |   206 |    40 ||   307
Throw: Dart              |       |    17 |    21 ||    38
  Use: Potion            |       |     8 |       ||     8
 Stab: Sleeping          |    11 |    11 |       ||    22
  Eat: Chunk             |       |     7 |     3 ||    10
Armor: Robe              |     4 |    28 |    10 ||    42
Dodge: Dodged            |    24 |   143 |    21 ||   188

Table legend:
 A = Non-vault XP
 B = Vault XP
 C = Vault XP percentage of total XP
 D = Non-vault monster count
 E = Vault monster count
 F = Vault count percentage of total count
                 A         B        C        D         E       F
            +---------+---------+-------+---------+---------+-------
      Total |     380 |     255 |  40.2 |      80 |       4 |   4.8
            +---------+---------+-------+---------+---------+-------
        D:1 |      61 |       0 |   0.0 |      24 |       0 |   0.0
        D:2 |      78 |       0 |   0.0 |      21 |       0 |   0.0
        D:3 |     116 |     255 |  68.7 |      24 |       4 |  14.3
        D:4 |     125 |       0 |   0.0 |      11 |       0 |   0.0
            +---------+---------+-------+---------+---------+-------
